 Dungeon Crawl Stone Soup version 0.23-a0-451-g1044d4c (webtiles) character file.

4279 Lavandula the Ducker (level 10, -10/91 HPs)
             Began as a Naga Air Elementalist on Nov 22, 2018.
             Was a Follower of Ru.
             Mangled by a two-headed ogre
             ... wielding a +0 giant club
              (18 damage)
             ... on level 8 of the Dungeon on Nov 23, 2018.
             The game lasted 00:26:36 (3930 turns).

Lavandula the Ducker (Naga Air Elementalist)        Turns: 3930, Time: 00:26:37

Health: -10/91     AC:  7    Str:  8    XL:     10   Next: 32%
Magic:  0/19       EV: 13    Int: 18    God:    Ru [*.....]
Gold:   145        SH:  0    Dex: 13    Spells: 1/21 levels left

rFire    . . .     SeeInvis +   s - +2 quarterstaff (chaos)
rCold    . . .     Gourm    .   (shield currently unavailable)
rNeg     . . .     Faith    .   v - +2 robe {Archmagi}
rPois    +         Spirit   +   (no helmet)
rElec    .         Reflect  .   t - +0 cloak
rCorr    .         Harm     .   (no gloves)
MR       +....                  (no barding)
Stlth    ++........             D - amulet of guardian spirit
HPRegen  0.25/turn              i - ring of wizardry
MPRegen  0.16/turn              (no ring)

@: sluggish, no scrolls, very slow
A: large, see invisible, deformed body, poison resistance, slowness 2, slow
metabolism 1, spit poison 1, weak 1, inability to read while threatened, AC +3
a: Spit Poison, Renounce Religion


You were on level 8 of the Dungeon.
You worshipped Ru.
Ru was aware of your devotion.
You were not hungry.

You visited 1 branch of the dungeon, and saw 9 of its levels.

You collected 271 gold pieces.
You spent 126 gold pieces at shops.

Inventory:

Hand Weapons
 p - a +0 spear
 q - a +0 mace of draining
 s - a +2 quarterstaff of chaos (weapon)
Missiles
 n - a throwing net (quivered)
 B - 2 javelins
Armour
 d - a scarf of spirit shield
 t - a +0 cloak (worn)
 v - a +2 robe of the Archmagi (worn)
Jewellery
 i - a ring of wizardry (left hand)
 k - the ring of Quong {+Fly rF+++ Str-4 Int+6 Slay-6}
   (You found it on level 5 of the Dungeon)

   [ring of flight]

   It affects your strength (-4).
   It affects your intelligence (+6).
   It affects your accuracy and damage with ranged weapons and melee attacks
   (-6).
   It renders you almost immune to fire.
   It lets you fly.
 D - an amulet of guardian spirit (around neck)
Wands
 u - a wand of iceblast (14)
 z - a wand of enslavement (12)
 E - a wand of clouds (5)
Scrolls
 a - 2 scrolls of noise {unknown}
 e - 2 scrolls of identify {unknown}
 g - a scroll of random uselessness {unknown}
 h - 3 scrolls of remove curse
 l - a scroll of teleportation
 m - a scroll of amnesia {unknown}
 y - a scroll of fog {unknown}
 C - 3 scrolls of immolation {unknown}
 G - 2 scrolls of enchant armour {unknown}
Potions
 b - a potion of ambrosia {unknown}
 f - a potion of resistance {unknown}
 j - 3 potions of flight {unknown}
 o - 2 potions of brilliance {unknown}
 r - a potion of might {unknown}
 w - 2 potions of curing
 x - a potion of haste
 A - a potion of heal wounds
 F - a potion of invisibility {unknown}
Comestibles
 c - 11 rations


   Skills:
 - Level 6.0 Fighting
 - Level 4.0(4.8) Polearms
 - Level 3.9(4.7) Staves
 - Level 6.5 Dodging
 - Level 3.0 Stealth
 + Level 3.7 Unarmed Combat
 - Level 6.2 Spellcasting
 - Level 1.0 Conjurations
 - Level 4.1 Transmutations
 - Level 4.0 Air Magic


You had one spell level left.
You knew the following spells:

 Your Spells              Type           Power        Failure   Level  Hunger
a - Shock                 Conj/Air       ###.         1%          1    None
b - Swiftness             Chrm/Air       ###.....     3%          2    None
c - Airstrike             Air            ####......   9%          4    ####...
d - Lightning Bolt        Conj/Air       ###.......   41%         5    #####..
e - Animate Skeleton      Necr           N/A          4%          1    None
f - Summon Small Mammal   Summ           #...         4%          1    None
g - Apportation           Tloc           #.....       4%          1    None
h - Blade Hands           Tmut           ####......   24%         5    #####..

Your spell library contained the following spells:

 Spells                   Type           Power        Failure   Level  Hunger
 Beastly Appendage        Tmut           ####..       1%          1    None
 Confusing Touch          Hex            #.....       4%          1    None
 Sticks to Snakes         Tmut           ####....     1%          2    None
 Static Discharge         Conj/Air       ###.....     5%          3    ##.....
 Spider Form              Tmut/Pois      ###.......   6%          3    ##.....
 Ice Form                 Ice/Tmut       ###.....     21%         4    ####...


Dungeon Overview and Level Annotations

Branches:
Dungeon (9/15)             Temple (0/1) D:7
   Lair: D:8-11         Orc: D:9-12

Altars:
Elyvilon
Fedhas
Gozag
Okawaru
Qazlal
Ru
Vehumet

Shops:
D:5 !   D:6 [


Innate Abilities, Weirdness & Mutations

You cannot wear boots.
Your serpentine skin is tough. (AC +3)
You have supernaturally acute eyesight. (SInv)
Armour fits poorly on your strangely shaped body.
Your system is resistant to poisons. (rPois)
You cover ground very slowly.
You have a slow metabolism.
You can spit poison.
You are weak. (Str -2)
You cannot read scrolls while threatened.


Message History

Your bat hits the two-headed ogre.
The two-headed ogre hits you with a +0 giant club!
* * * LOW HITPOINT WARNING * * *
The two-headed ogre hits you but does no damage.
Your bat hits the two-headed ogre but does no damage.
Your bat hits the two-headed ogre. The two-headed ogre barely misses you.
The two-headed ogre closely misses you.
You feel better.
You start to feel a little faster.
Your bat hits the two-headed ogre but does no damage.
Your bat hits the two-headed ogre.
The two-headed ogre is stunned by your will and fails to attack.
Your bat barely misses the two-headed ogre.
The two-headed ogre is stunned by your will and fails to attack.
You can read scrolls again.
The two-headed ogre hits you with a +0 giant club!!
You feel threatened and lose the ability to read scrolls!
* * * LOW HITPOINT WARNING * * *
The two-headed ogre hits you with a +0 giant club!!
You die...

#.#####'######
#.#..........#
#.#..........#
##.#..........#
#.....##.######
#.....##.####.#
#.....##.#<...###
.####'#####.##.O...#
............##.#@#.#
.......>....##.#.#.#
...##.####..##b#.#.#
#.. #.# #..##.#.#.#
.. ...####...#.#.#.#
. ##..........#.#.#
. #.#####....#.#.#
#. #....#.#.#
##...#.#.#


You could see a two-headed ogre.

Vanquished Creatures
  Pikel (D:5)
  A hornet (D:8)
  Sigmund (D:3)
  3 yaks
  A soldier ant (D:8)
  2 ice beasts
  An orc warrior (D:6)
  2 sky beasts (D:6)
  3 slaves (D:5)
  2 phantoms
  3 ogres
  A centaur (D:8)
  A big kobold (D:7)
  3 bullfrogs
  A water moccasin zombie (D:6)
  2 scorpions (D:6)
  A wyvern skeleton (D:8)
  6 killer bees (D:7)
  A howler monkey (D:6)
  7 crimson imps
  A centaur zombie (D:7)
  A jelly (D:3)
  Crazy Yiuf (D:3)
  2 orc priests
  A bullfrog skeleton (D:8)
  A centaur skeleton (D:8)
  9 orc wizards
  An iguana (D:6)
  Jessica (D:3)
  Ijyb (D:3)
  5 worker ants
  11 adders
  3 shadow imps
  An ooze (D:3)
  4 worms
  2 dart slugs (D:1)
  5 leopard geckos
  23 orcs
  3 giant cockroaches
  2 goblins (D:2)
  5 hobgoblins
  14 jackals
  9 kobolds
  5 quokkas
  3 ball pythons
  3 bats
  3 frilled lizards
  A jackal skeleton (D:5)
  A quokka zombie (D:5)
  5 rats
  A fungus (D:3)
171 creatures vanquished.

Vanquished Creatures (others)
  A hornet (D:8)
1 creature vanquished.

Grand Total: 172 creatures vanquished

Notes
Turn   | Place    | Note
-------+----------+-------------------------------------------
     0 | D:1      | Lavandula the Naga Air Elementalist began the quest for the
                  | Orb.
     0 | D:1      | Reached XP level 1. HP: 15/15 MP: 3/3
    93 | D:1      | Reached XP level 2. HP: 22/22 MP: 3/5
   262 | D:2      | Found a stormy altar of Qazlal.
   265 | D:2      | Found a sacrificial altar of Ru.
   265 | D:2      | Found a radiant altar of Vehumet.
   267 | D:2      | Found an iron altar of Okawaru.
   269 | D:2      | Found a blossoming altar of Fedhas.
   271 | D:2      | Became a worshipper of Ru the Awakened
   322 | D:2      | Found an opulent altar of Gozag.
   329 | D:2      | Reached XP level 3. HP: 27/28 MP: 4/7
   333 | D:2      | Learned a level 2 spell: Swiftness
   519 | D:3      | Reached XP level 4. HP: 28/36 MP: 3/8
   569 | D:3      | Noticed Jessica
   571 | D:3      | Killed Jessica
   720 | D:3      | Noticed Sigmund
   735 | D:3      | Killed Sigmund
   735 | D:3      | Reached skill level 5 in Spellcasting
   735 | D:3      | Reached XP level 5. HP: 28/42 MP: 0/12
   735 | D:3      | Reached XP level 6. HP: 33/49 MP: 0/13
   741 | D:3      | Learned a level 4 spell: Airstrike
   767 | D:3      | Learned a level 5 spell: Lightning Bolt
  1112 | D:3      | Gained mutation: You are weak. (Str -2) [Ru sacrifice]
  1141 | D:3      | Found a runed door.
  1190 | D:3      | Noticed Crazy Yiuf
  1195 | D:3      | Killed Crazy Yiuf
  1195 | D:3      | Reached XP level 7. HP: 55/55 MP: 7/16
  1232 | D:3      | Noticed Ijyb
  1240 | D:3      | Killed Ijyb
  1240 | D:3      | Reached skill level 1 in Fighting
  1642 | D:5      | Entered Level 5 of the Dungeon
  1650 | D:5      | Reached skill level 5 in Fighting
  1650 | D:5      | Reached XP level 8. HP: 72/74 MP: 12/17
  1768 | D:5      | Got an ancient platinum ring
  1769 | D:5      | Identified the ring of Quong {+Fly rF+++ Str-4 Int+6
                  | Slay-6} (You found it on level 5 of the Dungeon)
  1891 | D:5      | Found Xuiwisua's Distillery.
  1898 | D:5      | Bought a potion of curing for 42 gold pieces
  1898 | D:5      | Bought a potion of degeneration for 14 gold pieces
  1899 | D:5      | Bought a potion of heal wounds for 70 gold pieces
  1919 | D:5      | Noticed Pikel
  1954 | D:5      | Killed Pikel
  2213 | D:6      | Reached skill level 5 in Dodging
  2213 | D:6      | Reached XP level 9. HP: 82/82 MP: 15/18
  2584 | D:6      | Reached skill level 1 in Polearms
  2743 | D:6      | Found Eshops's Armour Boutique.
  2813 | D:7      | Learned a level 1 spell: Apportation
  2815 | D:7      | Learned a level 1 spell: Animate Skeleton
  2817 | D:7      | Learned a level 1 spell: Summon Small Mammal
  2828 | D:7      | Gained mutation: You cannot read scrolls while threatened.
                  | [Ru sacrifice]
  2828 | D:7      | Reached * piety under Ru
  2858 | D:7      | Found a staircase to the Ecumenical Temple.
  2977 | D:7      | Reached skill level 1 in Staves
  3039 | D:8      | Noticed a two-headed ogre
  3270 | D:8      | Learned a level 5 spell: Blade Hands
  3304 | D:8      | Reached skill level 1 in Transmutations
  3348 | D:7      | Reached XP level 10. HP: 81/91 MP: 12/19
  3420 | D:7      | Found a white marble altar of Elyvilon.
  3438 | D:7      | Reached skill level 1 in Unarmed Combat
  3930 | D:8      | Mangled by a two-headed ogre

Vault maps used:
D:1:      onia_arrival_pentagram
D:2:      nicolae_gozag_seed_capital, lemuel_doored_altar, fedhas_altar_3,
          grunt_temple_overflow_open, first_ration, minmay_fractal_squares_5
D:3:      uniq_jessica, uniq_ijyb, uniq_crazy_yiuf_cottage, uniq_sigmund
D:5:      kennysheep_little_box, serial_shops, shop, uniq_pikel
D:6:      serial_shops, nicolae_shop_crystal, minivault_24
D:7:      overflow_temple_1_default, minmay_temple_entry_mist
D:8:      hangedman_pestilent_swarm, kennysheep_cross_room, dk_noncrumbling_4,
          nicolae_dithmenos_through_a_glass_darkly
D:9:      xom_butterflies, cheibrodos_ashenzari_chains, corexii_leaking_fountain

Skill      XL: |  1  2  3  4  5  6  7  8  9 10 |
---------------+-------------------------------+-----
Spellcasting   | 3 5 6 |  6.2
Air Magic      | 4 |  4.0
Fighting       | 5 6 |  6.0
Dodging        | 5 6 |  6.5
Polearms       | 4 |  4.0
Staves         | 3 |  3.9
Transmutations | 2 4 |  4.1
Unarmed Combat | 3 |  3.7
Stealth        | |  3.0
Conjurations   | |  1.0

Action                   |  1- 3 |  4- 6 |  7- 9 | 10-12 || total
-------------------------+-------+-------+-------+-------++-------
Melee: Unarmed           |     2 |       |       |       ||     2
       Dagger            |       |    25 |       |       ||    25
       Quarterstaff      |       |       |   166 |    45 ||   211
 Cast: Shock             |    25 |    66 |   116 |     5 ||   212
       Airstrike         |       |       |    19 |     4 ||    23
       Swiftness         |       |       |     2 |     1 ||     3
       Summon Small Mamm |       |       |     1 |     3 ||     4
Invok: Sacrifice Purity  |       |     1 |       |       ||     1
       Sacrifice Words   |       |       |     1 |       ||     1
 Abil: Spit Poison       |    30 |    18 |    36 |       ||    84
Evoke: Wand              |       |       |     1 |     1 ||     2
  Use: Potion            |       |     1 |     1 |     2 ||     4
       Scroll            |       |       |     5 |       ||     5
 Stab: Sleeping          |       |       |     1 |       ||     1
       Paralysed         |       |       |     6 |       ||     6
       Petrifying        |       |       |     1 |       ||     1
       Confused          |       |       |       |     2 ||     2
  Eat: Chunk             |       |     2 |    12 |       ||    14
       Ration            |       |       |       |     1 ||     1
Armor: Robe              |     1 |    16 |    50 |    11 ||    78
       Skin              |       |     5 |       |       ||     5
Dodge: Dodged            |    23 |    20 |   137 |    28 ||   208

Table legend:
 A = Non-vault XP
 B = Vault XP
 C = Vault XP percentage of total XP
 D = Non-vault monster count
 E = Vault monster count
 F = Vault count percentage of total count
                 A         B        C        D         E       F
            +---------+---------+-------+---------+---------+-------
      Total |    4516 |    1598 |  26.1 |     152 |      15 |   9.0
            +---------+---------+-------+---------+---------+-------
        D:1 |      18 |       0 |   0.0 |       7 |       0 |   0.0
        D:2 |      24 |      37 |  60.7 |      11 |       7 |  38.9
        D:3 |     253 |     337 |  57.1 |      38 |       4 |   9.5
        D:4 |     512 |       0 |   0.0 |      16 |       0 |   0.0
        D:5 |     395 |     651 |  62.2 |      24 |       1 |   4.0
        D:6 |    1113 |       0 |   0.0 |      18 |       0 |   0.0
        D:7 |    1456 |       0 |   0.0 |      27 |       0 |   0.0
        D:8 |     745 |     573 |  43.5 |      11 |       3 |  21.4
            +---------+---------+-------+---------+---------+-------
